Map: Acropolis LE

Players

ViBE - Winner!

  • Race: Zerg Zerg
  • League: Master
  • Spawn Location: 11:00

Ultrahugs

  • Race: Terran Terran
  • Spawn Location: 5:00

VOD

https://youtu.be/nhLrBqdjL5U

Description

Vibe's Macro Opener versus Terran into Ling, Bane, Hydra

Time

  • Played on: Aug. 22, 2019, 8:46 p.m.
  • Length: 13:11
Show
View Real Time Build Order
Export as new Build Order

ViBE Zerg - Winner!

Build Orders: Hatch First 

Get SALT Encoding   

  12  0:01  Drone  
  13  0:13  Overlord  
  13  0:20  Drone  
  14  0:32  Drone x2  
  16  0:40  Drone  
  17  0:53  Hatchery  
  16  0:59  Drone  
  16  1:00  Drone  
  18  1:13  Spawning Pool  
  18  1:18  Drone  
  18  1:19  Drone  
  19  1:37  Hatchery  
  18  1:40  Drone  
  18  1:44  Drone  
  20  1:56  Drone  
  21  2:06  Queen x2  
  25  2:08  Zergling x2  
  25  2:11  Zergling x2  
  27  2:19  Drone  
  28  2:39  Overlord  
  28  2:40  Overlord  
  28  2:51  Queen  
  28  2:52  Drone x4  
  28  2:55  Overlord  
  34  2:58  Queen, Drone  
  34  3:01  Queen  
  34  3:05  Drone  
  40  3:06  Drone  
  40  3:10  Drone  
  42  3:16  Drone  
  42  3:17  Drone x3  
  46  3:25  Drone x4  
  50  3:31  Overlord  
  50  3:36  Overlord  
  50  3:38  Drone  
  50  3:39  Drone  
  52  3:43  Drone  
  52  3:44  Queen  
  55  3:48  Drone, Extractor  
  55  3:49  Extractor, Drone x2  
  55  3:51  Drone  
  55  3:52  Drone  
  55  3:54  Queen  
  60  3:59  Queen  
  60  4:01  Drone  
  63  4:07  Drone x5  
  68  4:17  Roach Warren  
  69  4:30  Overlord x2  
  69  4:34  Lair  
  68  4:38  Drone x6  
  68  4:39  Overlord x2  
  73  4:48  Queen x2  
  77  4:57  Roach x5  
  87  5:01  Roach  
  87  5:06  Roach  
  91  5:08  Overlord x2  
  91  5:11  Roach  
  93  5:17  Evolution Chamber, Extractor x2  
  93  5:19  Evolution Chamber  
  93  5:20  Extractor x2  
  87  5:22  Drone x10  
  87  5:23  Drone x2  
  99  5:40  Drone x3  
  99  5:42  Drone  
  103  5:47  Drone  
  104  5:56  Overlord  
  104  5:57  Overlord x2  
  104  5:58  Zerg Ground Armor Level 1, Zerg Melee Weapons Level 1  
  104  6:01  Baneling Nest, Drone x2  
  104  6:03  Drone  
  106  6:06  Hatchery  
  106  6:07  Hydralisk Den  
  104  6:15  Hatchery  
  103  6:24  Metabolic Boost  
  103  6:29  Zergling x20  
  113  6:39  Grooved Spines  
  112  6:58  Zergling x20  
  118  7:04  Hydralisk x2  
  122  7:09  Hydralisk x4  
  122  7:13  Drone  
  131  7:16  Drone  
  132  7:26  Hydralisk x4  
  140  7:31  Centrifical Hooks  
  140  7:34  Infestation Pit  
  139  7:37  Baneling  
  139  7:38  Baneling x15  
  139  7:40  Zergling x4  
  139  7:41  Zergling x10  
  146  7:45  Overlord x2  
  146  7:50  Muscular Augments  
  146  7:53  Zergling x8  
  150  7:58  Zerg Ground Armor Level 2  
  150  7:59  Zerg Melee Weapons Level 2  
  150  8:01  Overlord x2  
  150  8:04  Zergling x2  
  150  8:05  Zergling x22  
  161  8:22  Zergling x6  
  161  8:23  Zergling x22  
  167  8:47  Drone x11  
  167  8:48  Drone x3  
  181  8:51  Baneling x7  
  181  8:52  Baneling  
  181  8:54  Baneling x16  
  181  9:02  Hive  
  153  9:18  Extractor  
  153  9:19  Extractor  
  153  9:23  Drone x3  
  145  9:24  Drone x3  
  145  9:25  Hydralisk  
  145  9:26  Hydralisk x7, Spine Crawler  
  145  9:27  Hatchery  
  145  9:31  Hydralisk x2  
  152  9:32  Hydralisk  
  152  9:34  Hydralisk  
  152  9:36  Hydralisk  
  152  9:45  Hydralisk x5  
  148  9:47  Hydralisk  
  160  9:55  Zergling x2  
  160  9:56  Zergling x16  
  169  10:00  Zergling x8  
  169  10:01  Zergling x2  
  172  10:24  Zergling x18  
  172  10:25  Overlord x2  
  181  10:28  Zerg Ground Armor Level 3  
  181  10:29  Zerg Melee Weapons Level 3  
  181  10:30  Adrenal Glands  
  181  10:32  Overlord x3  
  181  10:36  Baneling x11  
  181  10:37  Baneling  
  181  10:38  Baneling x3  
  181  10:39  Baneling x2  
  181  10:40  Baneling  
  181  10:44  Zergling x8  
  181  10:45  Zergling x2  
  181  10:46  Zergling x4  
  181  10:47  Zergling x2  
  181  10:48  Zergling x2  
  190  11:01  Zergling x2  
  190  11:02  Zergling x14  
  198  11:10  Spire  
  168  11:27  Zergling x42  
  168  11:28  Zergling x12  
  168  11:29  Zergling x2  
  183  11:35  Zergling x6  
  179  11:46  Zergling x2  
  175  11:47  Zergling x18  
  175  11:53  Baneling x3  
  175  11:54  Baneling x25  
  181  12:19  Zergling x6  
  181  12:20  Zergling x32  
  200  12:23  Hatchery  
  199  12:32  Extractor x2  
  170  12:52  Zergling x34  
  170  12:53  Zergling x2  
  170  12:54  Baneling x2  
Show
View Real Time Build Order
Export as new Build Order

Ultrahugs Terran 

Build Orders: Reaper Expand 

Get SALT Encoding   

  12  0:01  SCV  
  13  0:13  SCV  
  14  0:17  Supply Depot  
  14  0:25  SCV  
  15  0:38  SCV  
  15  0:40  Barracks  
  16  0:45  Refinery  
  16  0:51  SCV  
  17  1:03  SCV  
  18  1:15  SCV  
  19  1:27  Orbital Command  
  19  1:29  Reaper  
  20  1:41  Command Center  
  20  1:54  SCV  
  21  2:05  Barracks  
  21  2:07  SCV  
  22  2:08  Barracks Reactor  
  22  2:13  Supply Depot  
  22  2:19  SCV  
  23  2:24  Factory  
  23  2:30  Refinery  
  23  2:34  SCV  
  24  2:46  Marine x2  
  26  2:51  SCV  
  26  2:53  Barracks Tech Lab  
  26  2:57  Orbital Command  
  27  3:02  Supply Depot  
  27  3:04  SCV  
  28  3:12  Marine  
  29  3:15  Marine, Stimpack, Factory Reactor  
  30  3:21  Marine  
  30  3:25  Supply Depot  
  31  3:29  SCV  
  31  3:30  Marine  
  33  3:41  Starport  
  33  3:43  Marine x2  
  33  3:46  SCV x2  
  33  3:48  Marine  
  37  3:59  SCV  
  37  4:00  Marine  
  37  4:01  Marine  
  40  4:03  SCV  
  40  4:06  Marine  
  42  4:11  SCV  
  43  4:17  Engineering Bay  
  43  4:18  Marine, Engineering Bay  
  43  4:20  SCV  
  43  4:23  SCV  
  46  4:25  Marine x2  
  46  4:30  Supply Depot  
  48  4:33  Medivac  
  48  4:35  Medivac  
  48  4:36  Marine  
  48  4:38  SCV  
  54  4:39  SCV  
  54  4:45  Marine  
  55  4:46  Marine  
  55  4:51  Terran Infantry Armor Level 1, Terran Infantry Weapons Level 1  
  57  4:58  SCV x2  
  59  5:01  Supply Depot  
  59  5:02  Refinery  
  59  5:04  Supply Depot  
  59  5:16  SCV x2  
  59  5:20  Medivac  
  63  5:21  Factory Tech Lab  
  63  5:23  Marine x2  
  65  5:28  Marine  
  65  5:29  SCV  
  65  5:30  SCV  
  68  5:41  Marine, Command Center  
  68  5:42  SCV x2  
  71  5:43  Supply Depot  
  71  5:54  Siege Tank, SCV x2  
  71  5:55  Marine, Medivac  
  71  5:56  Marine  
  79  6:06  SCV x2  
  81  6:14  Refinery  
  81  6:17  Barracks x2  
  81  6:18  Barracks, SCV x2  
  83  6:29  Marine x3  
  83  6:30  Siege Tank, SCV x2  
  91  6:36  Factory  
  91  6:48  Marine x3  
  93  7:05  Marine x2  
  93  7:06  Marine  
  96  7:11  Barracks Tech Lab  
  96  7:12  Barracks Tech Lab  
  96  7:13  Siege Tank, Medivac  
  96  7:14  SCV x2, Medivac  
  105  7:18  Barracks Tech Lab  
  105  7:23  Marine x2  
  105  7:24  Armory  
  105  7:27  Factory Tech Lab  
  107  7:35  Marauder  
  109  7:38  Supply Depot  
  109  7:50  Refinery x2  
  109  7:52  Orbital Command  
  109  7:53  Marine  
  109  7:54  Marine  
  109  7:55  Command Center  
  109  7:56  Marine  
  109  8:00  Marauder x2  
  109  8:02  Marine  
  109  8:03  SCV, Supply Depot x3  
  115  8:11  Marauder  
  117  8:23  SCV  
  117  8:24  SCV x2  
  119  8:35  SCV  
  117  8:43  Marine x2, Marauder x4  
  117  8:44  Siege Tank x2  
  133  8:53  Sensor Tower  
  133  9:01  Marine  
  134  9:04  Marine x3, Marauder x2  
  101  9:22  Siege Tank x2  
  101  9:23  Marauder  
  66  9:35  Marine x2, Marauder  
  64  9:43  Supply Depot  
  62  9:49  Marine, Marauder x2  
  67  9:54  Siege Tank x2  
  73  10:00  Orbital Command  
  73  10:07  Marine x2, Marauder x2  
  73  10:09  Terran Infantry Weapons Level 2  
  73  10:10  Marine  
  80  10:25  Bunker  
  80  10:26  Bunker x2  
  80  10:27  Bunker  
  80  10:28  SCV x3  
  83  10:29  Marine x2, Marauder x2  
  89  10:38  Planetary Fortress  
  89  10:50  Supply Depot  
  89  10:51  Supply Depot  
  89  10:53  SCV x3, Supply Depot  
  92  11:03  Supply Depot, Engineering Bay  
  92  11:05  SCV  
  93  11:14  Siege Tank, SCV x2  
  93  11:15  Siege Tank  
  93  11:17  SCV  
  45  11:40  Supply Depot  
  45  11:41  Marine  
  45  11:42  Marine, Marauder x2  
  45  11:43  Marine x2  
  45  11:47  Siege Tank  
  52  11:52  Refinery  
  52  11:54  Refinery  
  52  11:57  SCV x3  
  52  11:58  Command Center  
  52  11:59  Marine x2  
  52  12:01  Marine  
  58  12:09  SCV x3  
  61  12:20  Command Center  
  61  12:31  SCV x3  
Tags
 
Add a new tag
Caveats
  • Supply blocks, unpowered buildings, or Contaminate may cause inaccurate times.
  • Supply counts are checked every 10 seconds.